 Dungeon Crawl Stone Soup version 0.26-a0-651-gb41185065b (webtiles) character file.

Game seed: 17724195617395126655

180 Flugslaktarn the Covered (level 5, 0/50 HPs)
             Began as a Deep Dwarf Fighter on Oct 9, 2020.
             Succumbed to a scorpion's poison
             ... on level 4 of the Dungeon.
             The game lasted 00:00:32 (282 turns).

Flugslaktarn the Covered (Deep Dwarf Fighter)        Turns: 282, Time: 00:00:32

Health: 0/50       AC:  7    Str: 19 (20) XL:     5   Next: 33%
Magic:  0/0        EV:  7    Int:  7 (8)  God:
Gold:   24         SH:  9    Dex: 12 (13) Spells: 4/4 levels left

rFire    . . .     SeeInvis .   a - +0 war axe
rCold    . . .     Faith    .   c - +0 kite shield
rNeg     . . .     Spirit   .   b - +0 scale mail
rPois    .         Reflect  .   (no helmet)
rElec    .         Harm     .   (no cloak)
rCorr    .         Rampage  .   (no gloves)
MR       .....                  (no boots)
Stlth    ..........             (no amulet)
HPRegen  0.00/turn              (no ring)
MPRegen  0.07/turn              (no ring)

@: lethally poisoned (0 -> -15), non-regenerating
A: damage resistance, heal wounds, sense surroundings 1, no regeneration
a: Heal Wounds


You were on level 4 of the Dungeon.
You visited 1 branch of the dungeon, and saw 4 of its levels.

You collected 24 gold pieces.

Inventory:

Hand Weapons
 a - a +0 war axe (weapon)
Armour
 b - a +0 scale mail (worn)
 c - a +0 kite shield (worn)
Potions
 d - a potion of might


   Skills:
 * Level 3.8 Fighting
 * Level 4.0 Axes
 + Level 4.0 Armour
 + Level 4.0 Shields


You had 4 spell levels left.
You didn't know any spells.
Your spell library was empty.

Dungeon Overview and Level Annotations

Branches:
Dungeon (4/15)
 Temple: D:4-7

Altars:
Fedhas


Innate Abilities, Weirdness & Mutations

You are resistant to damage.
You can heal yourself by infusing magical energy.
You passively map a small area around you.
You do not regenerate.


Message History

You closely miss the scorpion.
The scorpion is moderately wounded.
You barely miss something. You hit the orc.
* * * LOW HITPOINT WARNING * * *
You feel very sick. You block the scorpion's attack.
Something hits you but does no damage. The orc hits you with a +0 dagger.
The scorpion barely misses you. You block something's attack.
You barely miss the scorpion.
The scorpion is moderately wounded.
You closely miss the orc. You closely miss something.
* * * LOW HITPOINT WARNING * * *
You feel very sick. The orc hits you with a +0 dagger.
You block the scorpion's attack. Something completely misses you.
The orc hits you but does no damage.
You barely miss the scorpion.
The scorpion is lightly wounded.
You miss something. You slash the orc!
You kill the orc!
You die...

* , * , , ,
###########
#†.....$.. , * ,
#.#####.####
#.##<##.......# ,
,, ,
#.......##.##.##.#
####.#####.).....#
, * #.#* #@##>####
, .....ls{)..#* ,,
.......###...# ,
#....... ...... *
,#.....! ,...(# ,
#...... ...##
...., * , .## , ,
####, ,,, .# ,*


You could see a scorpion and a leopard gecko.

Vanquished Creatures
  2 scorpions (D:4)
  4 gnolls (D:4)
  An adder (D:2)
  A leopard gecko (D:2)
  4 orcs (D:4)
  2 ball pythons (D:2)
  2 goblins (D:2)
  A hobgoblin (D:2)
  2 jackals (D:2)
  A kobold (D:2)
  2 quokkas
  A frilled lizard (D:1)
  3 rats
26 creatures vanquished.

Notes
Turn   | Place    | Note
-------+----------+-------------------------------------------
     0 | D:1      | Flugslaktarn the Deep Dwarf Fighter began the quest for the
                  | Orb.
     0 | D:1      | Reached XP level 1. HP: 20/20 MP: 1/1
   107 | D:2      | Reached XP level 2. HP: 21/28 MP: 2/2
   132 | D:2      | Found a blossoming altar of Fedhas.
   207 | D:4      | Noticed a scorpion
   210 | D:4      | Noticed a scorpion
   219 | D:4      | Killed a scorpion
   219 | D:4      | Reached XP level 3. HP: 34/34 MP: 2/2
   219 | D:4      | Reached XP level 4. HP: 42/42 MP: 3/3
   251 | D:4      | Reached XP level 5. HP: 37/50 MP: 3/3
   282 | D:4      | Succumbed to a scorpion's poison

Illustrated notes

Levels and vault maps discovered:
D:1:      dpeg_arrival_round_c, layout_loops_corners, minmay_domino_2
D:2:      layout_rooms, grunt_dithmenos_smoke, lemuel_coloured_pillars_altar,
          lemuel_round_altar
D:3:      layout_loops_ring, gammafunk_ghost_stat_death,
          chequers_ecumenical_altar_island, minmay_stone_trees_small,
          uniq_grinder
D:4:      layout_loops_cross, nicolae_qazlal_style_of_elements,
          grunt_temple_overflow_open, mrwooster_statue_mirror,
          minmay_a_box_with_orc_wizards_in_it

Skill      XL: |  1  2  3  4  5 |
---------------+----------------+-----
Fighting       | 3 |  3.8
Axes           | 3 4 |  4.0
Armour         | 4 |  4.0
Shields        | 4 |  4.0

Action                   |  1- 3 |  4- 6 || total
-------------------------+-------+-------++-------
Melee: War axe           |    58 |    41 ||    99
 Abil: Heal Wounds       |     1 |     8 ||     9
  Use: Potion            |       |     2 ||     2
Armor: Scale mail        |    20 |    18 ||    38
Dodge: Dodged            |    26 |    26 ||    52
Block: Kite shield       |    38 |    56 ||    94

Table legend: (Time is in decaauts)
 A = Elapsed time spent in this place.
 B = Non-inter-level travel time spent in this place.
 C = Inter-level travel time spent in this place.
 D = Time resting spent in this place.
 E = Time spent auto-exploring this place.
 F = Levels seen in this place.
 G = Mean time per level.
                   A        B        C        D        E       F      G
               +--------+--------+--------+--------+--------+-----+--------+
         Total |    324 |    297 |     27 |      0 |    102 |   4 |   81.0 |
       Dungeon |    324 |    297 |     27 |      0 |    102 |   4 |   81.0 |
               +--------+--------+--------+--------+--------+-----+--------+

Top non-repeatable levels by time:
     D:2: 127 daAuts
     D:4: 94 daAuts
     D:1: 75 daAuts
     D:3: 26 daAuts
